 Dungeon Crawl Stone Soup version 0.27.1-33-g824d729ab1 (webtiles) character file.

Game seed: 10648836454369822498

77 pkoi the Ruffian (level 4, -8/35 HPs)
             Began as a Draconian Artificer on Nov 30, 2021.
             Killed by divine providence
             ... invoked by an orc priest
              (16 damage)
             ... on level 2 of the Dungeon.
             The game lasted 00:02:38 (2614 turns).

pkoi the Ruffian (Draconian Artificer)              Turns: 2614, Time: 00:02:38

Health: -8/35      AC:  5    Str: 15    XL:     4   Next: 13%
Magic:  4/4        EV: 12    Int: 12    God:
Gold:   148        SH:  0    Dex: 11    Spells: 3/3 levels left

rFire    . . .     SeeInvis .   i - +2 spear (pain)
rCold    . . .     Faith    .   (no shield)
rNeg     . . .     Spirit   .   (armour unavailable)
rPois    .         Reflect  .   (helmet restricted)
rElec    .         Harm     .   (no cloak)
rCorr    .         Rampage  .   (no gloves)
Will     .....                  (no boots)
Stlth    +.........             (no amulet)
HPRegen  0.11/turn              (no ring)
MPRegen  0.09/turn              (no ring)

@: no status effects
A: AC +5, unfitting armour, cold-blooded
a: no special abilities


You were on level 2 of the Dungeon.
You visited 1 branch of the dungeon, and saw 3 of its levels.

You collected 148 gold pieces.

Inventory:

Hand Weapons
 a - a +0 club
 i - a +2 spear of pain (weapon)
Wands
 b - a wand of flame (10) (quivered)
 c - a wand of charming (13)
Scrolls
 f - a scroll of summoning {unknown}
 g - a scroll of noise {unknown}
 h - a scroll of fog {unknown}
 k - a scroll of enchant weapon {unknown}
Potions
 e - 3 potions of curing {unknown}
 j - a potion of berserk rage {unknown}
 l - a potion of attraction {unknown}
Miscellaneous
 d - a piece from Xom's chessboard (15/15)


   Skills:
 - Level 1.1 Fighting
 - Level 2.1 Dodging
 - Level 0.8 Stealth
 + Level 3.8 Unarmed Combat
 - Level 3.0 Evocations


You had 3 spell levels left.
You didn't know any spells.
Your spell library was empty.

Dungeon Overview and Level Annotations

Branches:
Dungeon (3/15)

Altars:


Innate Abilities, Weirdness & Mutations

Your plain brown scales are hard. (AC +5)
You cannot fit into any form of body armour.
You are cold-blooded and may be slowed by cold attacks.


Message History

r - Retreat! s - Stop attacking. g - Guard the area. f - Follow me.
Anything else - Cancel.
Retreat in which direction?
Press: ? - help, Dir - move target Fall back!
There is a stone staircase leading down here.
There is a stone staircase leading up here.
You climb upwards.
There is a stone staircase leading down here.
You start resting.
You start resting.
HP restored.
You climb downwards.
There is a stone staircase leading up here.
Done exploring.
Done exploring.
The orc priest shouts!
The orc priest invokes the aid of Beogh against you.
Beogh smites you!
You barely miss the orc priest. You tail-slap the orc priest.
The orc priest is lightly wounded.
The orc priest misses you.
You closely miss the orc priest. You tail-slap the orc priest.
The orc priest is moderately wounded.
The orc priest barely misses you.
You barely miss the orc priest.
The orc priest is moderately wounded.
The orc priest invokes the aid of Beogh against you.
Beogh smites you!
* * * LOW HITPOINT WARNING * * *
You hit the orc priest.
The orc priest is heavily wounded.
The orc priest closely misses you.
You hit the orc priest. You tail-slap the orc priest.
The orc priest is severely wounded.
The orc priest barely misses you.
The orc priest mumbles some strange prayers to Beogh against you.
Beogh smites you!
You die...

#..............#####.## #.#
#.....................# #.#
....#............##...# #.####
##..#..........).##...# #.##.<
##..#.............#...######.##..
##.................#..........#..
...............>>.............#..
###...............##..........#..
# ###.......)..o@.............#..
# ##.#.............#........... #
#...............#.........## #
###.......).....#.........##
#.................|.......
#...............#####..#..
#..................##..###
#...........#......##..#
##.................##..#


You could see an orc priest.

Vanquished Creatures
  2 adders (D:2)
  A worm (D:2)
  A dart slug (D:1)
  2 orcs (D:3)
  4 endoplasms
  2 giant cockroaches
  4 goblins
  3 hobgoblins
  6 jackals (D:2)
  7 kobolds
  2 quokkas
  3 ball pythons
  4 bats (D:1)
  3 frilled lizards
  3 rats
47 creatures vanquished.

Vanquished Creatures (others)
  A plant (D:3)
1 creature vanquished.

Grand Total: 48 creatures vanquished

Notes
Turn   | Place    | Note
-------+----------+-------------------------------------------
     0 | D:1      | pkoi the Draconian Artificer began the quest for the Orb.
     0 | D:1      | Reached XP level 1. HP: 16/16 MP: 1/1
   274 | D:1      | Reached skill level 1 in Unarmed Combat
   477 | D:1      | Reached XP level 2. HP: 23/23 MP: 2/2
  1418 | D:2      | Reached XP level 3. HP: 21/28 MP: 3/3
  2172 | D:3      | Reached XP level 4. HP: 31/35 MP: 4/4
  2614 | D:2      | Killed from afar by an orc priest

Illustrated notes

Levels and vault maps discovered:
D:1:      erik_arrival_orb_chamber, layout_basic, serial_bayou_lagoon_a,
          minmay_tromino_v4_b
D:2:      layout_rooms, minmay_close_crescents
D:3:      cheibrodos_old_hovel, layout_loops_cross,
          mainiacjoe_overflow_chevrons, jmf_multi_god_temple2

Skill      XL: |  1  2  3 |
---------------+----------+-----
Unarmed Combat | 1 2 3 |  3.8
Fighting       | |  1.1
Dodging        | |  2.1
Stealth        | |  0.8
Evocations     | |  3.0

Action                   |  1- 3 |  4- 6 || total
-------------------------+-------+-------++-------
Melee: Club              |    79 |       ||    79
       Tailslap          |     7 |     5 ||    12
       Punch             |     1 |     1 ||     2
       Spear             |    69 |    26 ||    95
Evoke: Wand              |     5 |     2 ||     7
 Stab: Sleeping          |     6 |       ||     6
Armor: Skin              |    55 |     7 ||    62
Dodge: Dodged            |   102 |    18 ||   120
